 Dungeon Crawl Stone Soup version 0.28.0-53-g5a82cb258f (webtiles) character file.

Game seed: 11117996532490610979

18 mcbry74 the Caller (level 2, 0/15 HPs)
             Began as a Tengu Summoner on July 10, 2022.
             Was an Initiate of Sif Muna.
             Slain by a bat (1 damage)
             ... on level 2 of the Dungeon.
             The game lasted 00:04:57 (645 turns).

mcbry74 the Caller (Tengu Summoner)                  Turns: 645, Time: 00:04:58

Health: 0/15       AC:  2    Str:  8    XL:     2   Next: 70%
Magic:  4/6        EV: 12    Int: 15    God:    Sif Muna [......]
Gold:   33         SH:  0    Dex: 14    Spells: 4/5 levels left

rFire   . . .      SeeInvis .   d - +0 dagger
rCold   . . .      Faith    .   (no shield)
rNeg    . . .      Spirit   .   a - +0 robe
rPois   .          Reflect  .   (helmet restricted)
rElec   .          Harm     .   (no cloak)
rCorr   .          Rampage  .   (no gloves)
Will    .....                   (boots unavailable)
Stlth   ++........              (no amulet)
HPRegen 0.05/turn               (no ring)
MPRegen 0.10/turn               (no ring)

@: no status effects
A: beak, talons 3
a: Renounce Religion


You were on level 2 of the Dungeon.
You worshipped Sif Muna.
Sif Muna was noncommittal.
You visited 1 branch of the dungeon, and saw 2 of its levels.

You collected 33 gold pieces.

Inventory:

Hand Weapons
 d - a +0 dagger (weapon)
Missiles
 c - 12 arrows
Armour
 a - a +0 robe (worn)
 b - a +2 leather armour of cold resistance
Scrolls
 e - a scroll of blinking {unknown}


   Skills:
 - Level 2.1 Dodging
 - Level 2.0 Stealth
 - Level 2.0 Spellcasting
 + Level 5.7 Summonings


You had 4 spell levels left.
You knew the following spells:

 Your Spells              Type           Power      Damage    Failure   Level
a - Summon Small Mammal   Summ           72%        N/A       1%          1

Your spell library contained the following spells:

 Spells                   Type           Power      Damage    Failure   Level
 Call Imp                 Summ           18%        N/A       3%          2
 Call Canine Familiar     Summ           18%        N/A       6%          3
 Summon Guardian Golem    Hex/Summ       10%        N/A       21%         3
 Beastly Appendage        Tmut           2%         N/A       22%         1
 Sandblast                Erth           2%         2d4       22%         1
 Passwall                 Tmut/Erth      0%         N/A       32%         2
 Wereblood                Tmut           1%         N/A       32%         2
 Spider Form              Tmut/Pois      1%         N/A       54%         3
 Stone Arrow              Conj/Erth      2%         3d7       54%         3
 Summon Lightning Spire   Summ/Air       10%        N/A       56%         4


Dungeon Overview and Level Annotations

Branches:
Dungeon (1/15)

Altars:
Sif Muna


Innate Abilities, Weirdness & Mutations

You have a beak for a mouth.
You have claws for feet.


Message History

The quokka barely misses you.
You closely miss the quokka. You claw the quokka.
The quokka is severely wounded.
The quokka bites you.
* * * LOW HITPOINT WARNING * * *
The quokka barely misses you.
Casting: Summon Small Mammal (safe; 2% risk of failure)
Confirm with . or Enter, or press ? or * to list all spells.
The quokka closely misses you.
The quokka twitches its whiskers.
Your rat closely misses the quokka.
You closely miss the quokka.
The quokka is severely wounded.
The quokka barely misses you. The bat barely misses your rat.
Your rat bites the quokka but does no damage.
A worm comes into view.
You hit the quokka.
You kill the quokka!
Sif Muna accepts your kill. The bat hits you.
* * * LOW HITPOINT WARNING * * *
The bat hits your rat but does no damage.
The bat closely misses you. The bat barely misses your rat.
Your rat completely misses the bat.
You closely miss the bat. The bat hits your rat.
The bat hits you but does no damage. The bat closely misses your rat.
The bat hits your rat.
Your rat dies!
Your rat's corpse disappears in a puff of smoke!
You hit the bat. You peck the bat.
You kill the bat!
Sif Muna accepts your kill. The bat hits you but does no damage.
Casting: Summon Small Mammal (safe; 1% risk of failure)
Confirm with . or Enter, or press ? or * to list all spells.
The bat closely misses you.
The ball python bites you but does no damage.
The ball python closely misses you. The bat hits you.
You die...

...##..# #
#.....# ..
###....###...
#..§.........
#b#....w###.#
#.#.....#
#.###r###
.###.†.....#
#..(..Sb@.#.#
###########.#
#.# #.# #.#
#.# #.# #.#
######.#


You could see a worm (ally target), a bat, a ball python and a friendly rat
(summoned).

Vanquished Creatures
  A giant cockroach (D:2)
  2 goblins (D:2)
  A quokka (D:2)
  3 bats (D:2)
7 creatures vanquished.

Vanquished Creatures (collateral kills)
  A dart slug (D:2)
  2 ball pythons
  A giant cockroach (D:2)
  A goblin (D:2)
  A quokka (D:2)
  A kobold (D:1)
7 creatures vanquished.

Grand Total: 14 creatures vanquished

Notes
Turn   | Place    | Note
-------+----------+-------------------------------------------
     0 | D:1      | mcbry74 the Tengu Summoner began the quest for the Orb.
     0 | D:1      | Reached XP level 1. HP: 10/10 MP: 4/4
   242 | D:1      | Reached skill level 5 in Summonings
   258 | D:1      | You fall into a shaft and drop 1 floor!
   269 | D:2      | Found a shimmering blue altar of Sif Muna.
   280 | D:2      | Became a worshipper of Sif Muna the Loreminder
   386 | D:2      | Reached XP level 2. HP: 15/15 MP: 3/6
   645 | D:2      | Slain by a bat

Illustrated notes

Levels and vault maps discovered:
D:1:      minmay_arrival_stone_box, layout_basic, grunt_decor_mini_mirrors,
          minmay_misc_feat_iff
D:2:      layout_loops_ring, basic_altar, nrook_loot_triangle,
          minmay_tetromino_l2

Skill      XL: |  1 |
---------------+----+-----
Summonings     | 5 |  5.7
Dodging        | |  2.1
Stealth        | |  2.0
Spellcasting   | |  2.0

Action                   || total
-------------------------++-------
Melee: Unarmed           ||     3
       Kick              ||     5
       Dagger            ||    29
       Peck              ||     1
 Cast: Summon Small Mamm ||    14
 Stab: Sleeping          ||     1
Armor: Robe              ||    19
Dodge: Dodged            ||    46
